 Dungeon Crawl Stone Soup version 0.24.0-37-gcf1ca852f1 (webtiles) character file.

Game seed: 8963273457990001719, levelgen mode: deterministic

54 Gildeon the Shooter (level 3, -1/29 HPs)
             Began as a Centaur Hunter on Nov 24, 2019.
             Slain by an orc warrior
             ... wielding a +0 hand axe
              (17 damage)
             ... on level 2 of the Dungeon.
             The game lasted 00:04:22 (1264 turns).

Gildeon the Shooter (Centaur Hunter)                Turns: 1264, Time: 00:04:22

Health: -1/29      AC:  3    Str: 14    XL:     3   Next: 66%
Magic:  3/3        EV:  9    Int: 10    God:
Gold:   111        SH:  0    Dex: 10    Spells: 2/2 levels left

rFire    . . .     SeeInvis .   a - +1 shortbow
rCold    . . .     Gourm    .   (shield currently unavailable)
rNeg     . . .     Faith    .   j - -1 leather armour (curse)
rPois    .         Spirit   .   (no helmet)
rElec    .         Reflect  .   (no cloak)
rCorr    .         Harm     .   (no gloves)
MR       .....                  (no barding)
Stlth    +.........             (no amulet)
HPRegen  0.09/turn              (no ring)
MPRegen  0.08/turn              (no ring)

@: very quick
A: large, hooves 3, deformed body, speed 2, tough skin 3
a: no special abilities


You were on level 2 of the Dungeon.
You were not hungry.

You visited 1 branch of the dungeon, and saw 2 of its levels.

You collected 111 gold pieces.

Inventory:

Hand Weapons
 a - a +1 shortbow (weapon)
 l - a +2 dagger of venom
Missiles
 d - 6 arrows (quivered)
Armour
 c - a +0 leather armour
 i - a +0 ring mail
 j - a cursed -1 leather armour (worn)
Scrolls
 e - 2 scrolls of identify
 h - a scroll of magic mapping
 k - a scroll of remove curse {unknown}
Comestibles
 f - 2 rations
 g - 6 chunks of flesh


   Skills:
 - Level 2.0 Fighting
 + Level 7.2 Bows
 - Level 1.3 Dodging
 - Level 0.4 Stealth


You had 2 spell levels left.
You didn't know any spells.
Your spell library was empty.

Dungeon Overview and Level Annotations

Branches:
Dungeon (2/15)

Altars:


Innate Abilities, Weirdness & Mutations

You have hooves in place of feet.
Armour fits poorly on your strangely shaped body.
You cover ground very quickly.
You have extremely tough skin. (AC +3)


Message History

2 arrows; a +0 short sword of protection; an orc corpse Firing (i - inventory)
d - 9 arrows (quivered)
Press: ? - help, Shift-Dir - straight line, f/p - orc warrior
Aim: an orc warrior, wielding a +0 hand axe and wearing a +0 plate armour (moderately wounded)
You shoot an arrow.
The arrow barely misses the orc warrior.
Firing (i - inventory)
d - 8 arrows (quivered)
Press: ? - help, Shift-Dir - straight line, f/p - orc warrior
Aim: an orc warrior, wielding a +0 hand axe and wearing a +0 plate armour (moderately wounded)
You shoot an arrow.
The arrow barely misses the orc warrior.
Firing (i - inventory)
d - 7 arrows (quivered)
Press: ? - help, Shift-Dir - straight line, f/p - orc warrior
Aim: an orc warrior, wielding a +0 hand axe and wearing a +0 plate armour (moderately wounded)
You shoot an arrow.
The arrow hits the orc warrior but does no damage.
The orc warrior is moderately wounded.
The orc warrior hits you with a +0 hand axe!
Ouch! That really hurt!
You die...

##..## #....##...##.#.#
.....#### #### #.........##.#.#
....#.#.####..####.####...##.#
#
.....(....((.......####...##.#
##...........##.......[...##.##
##.##.#.##.####.##..##.........
#####.#....####.##..##...###.##
# ##.#.##.#.............###.#
## #.?...(.(...o@..###.......#
)# #.#(.###........# #..######
.# #.#..# #........# #..#
รท###o#..# #..(.(...###..#
.o.....># #............##
.#.#.#### #........###.#
.#......# #........# #.#
.###....# #........# #.# .#
#..).# #........###.##


You could see an orc warrior.

Vanquished Creatures
  2 adders (D:2)
  A leopard gecko (D:2)
  4 orcs (D:2)
  A ball python (D:2)
  2 giant cockroaches (D:1)
  3 hobgoblins (D:1)
  4 kobolds
  4 bats
  2 frilled lizards (D:1)
  3 goblins (D:1)
  4 rats (D:1)
30 creatures vanquished.

Notes
Turn   | Place    | Note
-------+----------+-------------------------------------------
     0 | D:1      | Gildeon the Centaur Hunter began the quest for the Orb.
     0 | D:1      | Reached XP level 1. HP: 17/17 MP: 1/1
   165 | D:1      | Reached skill level 6 in Bows
   165 | D:1      | Reached XP level 2. HP: 24/24 MP: 2/2
   707 | D:2      | Reached XP level 3. HP: 5/29 MP: 3/3
  1145 | D:2      | Reached skill level 7 in Bows
  1163 | D:2      | Noticed an orc warrior
  1264 | D:2      | Slain by an orc warrior

Levels and vault maps discovered:
D:1:      evilmike_arrival_hilbert_curve, layout_rooms,
          chequers_decorated_corner, st_stairs_3, chequers_serial_rivers_room_b
D:2:      layout_basic, minitemple

Skill      XL: |  1  2  3 |
---------------+----------+-----
Bows           | 6 7 |  7.2
Fighting       | |  2.0
Dodging        | |  1.3
Stealth        | |  0.4

Action                   || total
-------------------------++-------
 Fire: Shortbow          ||   100
  Use: Scroll            ||     1
Armor: Leather armour    ||     8
Dodge: Dodged            ||    10
